 Dungeon Crawl Stone Soup version 0.31-a0-472-g43a2ca8e1b (webtiles) character file.

Game seed: 2745006749705738784

667 Ethylacetat the Changeling (level 7, 0/47 HPs)
             Began as an Octopode Shapeshifter on Aug 6, 2023.
             Slain by an orc
             ... wielding a +0 club
              (4 damage)
             ... on level 4 of the Dungeon.
             The game lasted 00:03:33 (2387 turns).

Ethylacetat the Changeling (Octopode Shapeshifter)  Turns: 2387, Time: 00:03:33

Health: 0/47       AC:  8    Str: 14    XL:     7   Next: 57%
Magic:  7/7        EV: 13    Int: 16    God:
Gold:   255        SH:  0    Dex: 15    Spells: 5/6 levels left

rFire   . . .        h - +2 dagger (protect)
rCold   . . .        (no shield)
rNeg    . . .        (helmet currently unavailable)
rPois   .            (no amulet)
rElec   .            e - +6 ring of intelligence
rCorr   .            (no ring)
SInv    .            (no ring)
Will    .....        (no ring)
Stlth   ++           (no ring)
HPRegen 0.27/turn    (no ring)
MPRegen 0.10/turn    (no ring)
                     (no ring)

%: no passive effects
@: beast-form, under a protective aura
A: beast (slay +3), almost no armour, amphibious, 8 rings, camouflage 1,
gelatinous body 1, (nimble swimmer 1), tentacles
a: Begin Untransformation


You were on level 4 of the Dungeon.
You were a hulking beast.
You visited 1 branch of the dungeon, and saw 4 of its levels.

You collected 255 gold pieces.

Inventory:

Hand Weapons
 h - a +2 dagger of protection (weapon)
 l - a +2 dagger of venom
 m - a +4 sling
Jewellery
 e - a +6 ring of intelligence (left tentacle)
 v - an amulet of faith
Talismans
 b - a beast talisman (active)
Wands
 x - a wand of flame (13)
Scrolls
 c - a scroll of poison {unknown}
 i - 5 scrolls of enchant armour {unknown}
 k - a scroll of teleportation {unknown}
 p - 4 scrolls of identify {unknown}
 q - a scroll of amnesia {unknown}
 r - 2 scrolls of vulnerability {unknown}
 s - a scroll of acquirement {unknown}
 t - a scroll of revelation {unknown}
 u - 3 scrolls of fear {unknown}
 w - a scroll of blinking {unknown}
Potions
 a - a potion of lignification
 d - 3 potions of curing {unknown}
 f - a potion of berserk rage {unknown}
 g - a potion of cancellation {unknown}
 j - a potion of degeneration {unknown}
 n - a potion of resistance {unknown}
 o - a potion of mutation {unknown}


   Skills:
 + Level 3.9 Fighting
 - Level 2.0 Dodging
 + Level 4.9 Unarmed Combat
 * Level 5.6 Shapeshifting


You had 5 spell levels left.
You knew the following spells:

 Your Spells              Type           Power      Damage    Failure   Level
a - Apportation           Tloc           0%         N/A       26%         1

Your spell library contained the following spells:

 Spells                   Type           Power      Damage    Failure   Level
 Necrotise                Necr           0%         1d4       26%         1
 Summon Small Mammal      Summ           0%         N/A       26%         1
 Inner Flame              Hex/Fire       0%         N/A       58%         3
 Flame Wave               Conj/Fire      0%         2d4       94%         4
 Sticky Flame             Conj/Fire      0%         2d3       94%         4


Dungeon Overview and Level Annotations

Branches:
Dungeon (4/15)
 Temple: D:4-7

Altars:
Wu Jian

Shops:
D:2 (   D:3 (


Innate Abilities, Weirdness & Mutations

You are a hulking beast.
Your limbs bulge with bestial killing power. (Slay +3)
You cannot wear most types of armour.
You are amphibious.
You can wear up to eight rings at the same time.
Your skin changes colour to match your surroundings (Stealth+).
Your rubbery body absorbs attacks. (AC +1, EV +1)
((You are camouflaged when in or above water. (Stealth+)))
You have tentacles for arms and can constrict up to eight enemies at once.


Message History

The orc wizard flickers and vanishes!
Deactivating autopickup; reactivate with Ctrl-A.
The orc priest hits you with a +0 war axe.
The orc hits you with a +0 short sword.
You hit the orc priest.
You kill the orc priest!
The orc priest begins to cast a cantrip, but forgets the words!
The orc barely misses you.
You hit the orc priest. You grab the orc priest.
The orc priest is lightly wounded.
You constrict the orc priest. The orc priest closely misses you.
The orc closely misses you. x2
You hit the orc priest.
The orc priest is severely wounded.
You constrict the orc priest. The orc priest completely misses you.
The orc hits you but does no damage. The orc misses you.
You puncture the orc priest!
You kill the orc priest!
The orc hits you with a +0 short sword.
You are too injured to fight recklessly!
You are too injured to fight recklessly!
You are too injured to fight recklessly!
You closely miss something. You squeeze something. The orc closely misses you.
You closely miss something. The orc hits you with a +0 short sword.
Something hits you.
* * * LOW HITPOINT WARNING * * *
The orc hits you with a +0 club.
* * * LOW HITPOINT WARNING * * *
You closely miss something. Your squeeze misses something.
The orc hits you but does no damage. Something hits you.
* * * LOW HITPOINT WARNING * * *
The orc hits you but does no damage.
You puncture something! Your squeeze misses something.
The orc completely misses you. Something hits you but does no damage.
The orc hits you with a +0 club.
* * * LOW HITPOINT WARNING * * *
You completely miss something. The orc misses you. Something hits you.
* * * LOW HITPOINT WARNING * * *
The orc hits you with a +0 club.
You die...

#######
################...).####
.........................
################.....###
...............†.....#
..##############.....#
... ............# ...
...####ho...# ... #{o...#
... ....>..# ...
........)# ..#
.....##.##.# ... .....
... ... ... ..... ....###
.). .....# .... ...


You could see 2 orcs.

Vanquished Creatures
  Sigmund (D:3)
  A black bear (D:4)
  An ogre (D:4)
  A phantom (D:3)
  A scorpion (D:3)
  2 orc priests (D:4)
  Robin (D:2)
  5 adders
  A worm (D:3)
  2 dart slugs
  An orc (D:4)
  5 ball pythons
  3 endoplasms
  4 giant cockroaches
  12 goblins
  9 hobgoblins
  9 jackals
  4 kobolds
  3 quokkas
  7 bats
  2 frilled lizards
  20 rats
95 creatures vanquished.

Notes
Turn   | Place    | Note
-------+----------+-------------------------------------------
     0 | D:1      | Ethylacetat the Octopode Shapeshifter began the quest for
                  | the Orb.
     0 | D:1      | Reached XP level 1. HP: 13/13 MP: 1/1
   123 | D:1      | Reached XP level 2. HP: 18/18 MP: 2/2
   365 | D:2      | Found Wiphel's Antique Weapon Emporium.
   417 | D:2      | Reached XP level 3. HP: 23/23 MP: 3/3
   490 | D:2      | Noticed Robin
   498 | D:2      | Killed Robin
   499 | D:2      | Reached XP level 4. HP: 29/29 MP: 4/4
  1210 | D:3      | Learned a level 1 spell: Apportation
  1229 | D:3      | Noticed a phantom
  1238 | D:3      | Reached skill level 4 in Shapeshifting
  1248 | D:3      | Killed a phantom
  1249 | D:3      | Reached XP level 5. HP: 29/35 MP: 5/5
  1277 | D:3      | Found an ornate altar of the Wu Jian Council.
  1374 | D:3      | Found Koulaugg's Weapon Boutique.
  1436 | D:3      | Noticed Sigmund
  1443 | D:3      | Killed Sigmund
  1444 | D:3      | Reached XP level 6. HP: 30/42 MP: 6/6
  1797 | D:3      | Reached skill level 5 in Shapeshifting
  2079 | D:4      | Reached XP level 7. HP: 46/46 MP: 7/7
  2387 | D:4      | Slain by an orc

Illustrated notes

Levels and vault maps discovered:
D:1:      scummos_arrival_star, layout_basic
D:2:      layout_rooms, serial_shops, shop, minmay_rat_hole, uniq_robin
D:3:      layout_basic, nicolae_wu_jian_immortal_techniques, serial_shops, shop,
          uniq_sigmund
D:4:      layout_rooms, supply_closet_lemuel

Skill      XL: |  1  2  3  4  5  6 |
---------------+-------------------+-----
Fighting       | 2 3 |  3.9
Shapeshifting  | 4 5 |  5.6
Unarmed Combat | 4 |  4.9
Dodging        | |  2.0

Action                     |  1- 3 |  4- 6 |  7- 9 || total
---------------------------+-------+-------+-------++-------
  Melee: Unarmed           |    15 |       |       ||    15
         Constrict         |    21 |     3 |     1 ||    25
         Tentacles         |     9 |     2 |     1 ||    12
         Dagger            |    38 |     5 |    10 ||    53
         Punch             |     2 |       |       ||     2
   Fire: Sling             |       |   106 |    29 ||   135
   Stab: Sleeping          |     2 |       |       ||     2
 Armour: Skin              |     5 |     6 |     5 ||    16
  Dodge: Dodged            |    45 |    31 |    24 ||   100

Table legend: (Time is in decaauts)
 A = Elapsed time spent in this place.
 B = Non-inter-level travel time spent in this place.
 C = Inter-level travel time spent in this place.
 D = Time resting spent in this place.
 E = Time spent auto-exploring this place.
 F = Levels seen in this place.
 G = Mean time per level.
                   A        B        C        D        E       F      G
               +--------+--------+--------+--------+--------+-----+--------+
         Total |   2437 |   2394 |     43 |     14 |   1918 |   4 |  609.2 |
       Dungeon |   2437 |   2394 |     43 |     14 |   1918 |   4 |  609.2 |
               +--------+--------+--------+--------+--------+-----+--------+

Top non-repeatable levels by time:
     D:3: 938 daAuts
     D:2: 752 daAuts
     D:4: 420 daAuts
     D:1: 325 daAuts
